 Dungeon Crawl Stone Soup version 0.18-a0-824-g47fe746 (webtiles) character file.

35 Raultor the Skirmisher (level 3, 7/29 HPs)
             Began as a Demonspawn Fighter on Dec 17, 2015.
             Quit the game on level 2 of the Dungeon.
             The game lasted 00:01:58 (587 turns).

Raultor the Skirmisher (Demonspawn Fighter)          Turns: 587, Time: 00:01:58

Health: 7/29       AC:  3    Str: 19    XL:     3   Next: 17%
Magic:  3/3        EV:  7    Int:  9    God:
Gold:   67         SH:  9    Dex: 12    Spells: 0 memorised, 2 levels left

rFire  . . .     SeeInvis .     a - +0 long sword
rCold  . . .     Gourm    .     b - +0 scale mail
rNeg   . . .     Faith    .     c - +0 shield
rPois  .         Spirit   .     (helmet restricted)
rElec  .         Dismiss  .     (no cloak)
rCorr  .         Reflect  .     (no gloves)
SustAt .         Harm     .     (no boots)
MR     +....                    (no amulet)
Stlth  ..........               j - ring of protection from magic {MR+, !d}
                                (no ring)

@: lethally poisoned (7 -> 0), somewhat resistant to hostile enchantments,
extremely unstealthy
A: antennae 1, deformed body, strong 1
a: no special abilities


You were on level 2 of the Dungeon.
You were not hungry.

You visited 1 branch of the dungeon, and saw 2 of its levels.

You collected 67 gold pieces.

Inventory:

Hand Weapons
 a - a +0 long sword (weapon)
Armour
 b - a +0 scale mail (worn)
 c - a +0 shield (worn)
 i - a +0 pair of boots
   (You found it on level 1 of the Dungeon)
Jewellery
 h - an uncursed ring of teleportation {+/*tele, !d}
   (You found it on level 1 of the Dungeon)
 j - a ring of protection from magic (right hand) {MR+, !d}
   (You found it on level 1 of the Dungeon)
Scrolls
 g - a scroll of remove curse
 k - a scroll of identify {unknown}
Potions
 d - a potion of might
Comestibles
 f - a bread ration {@e1}


   Skills:
 + Level 3.3 Fighting
 * Level 2.5 Long Blades
 + Level 2.9 Armour
 + Level 3.0 Shields


You had 2 spell levels left.
You didn't know any spells.

Dungeon Overview and Level Annotations

Branches:
Dungeon (2/15)

Altars:


Innate Abilities, Weirdness & Mutations

You have a pair of small antennae on your head.
Armour fits poorly on your strangely shaped body.
Your muscles are strong. (Str +2)


Message History

Read which item? (? for menu, Esc to quit)
As you read the scroll labeled QOOC NU VERAANA, it crumbles to dust.
You feel as if something is helping you.
It was a scroll of remove curse.
Put on which piece of jewellery? (? for menu, Esc to quit)
You remove your ring of teleportation {+/*tele, !d}.
You now have 67 gold pieces (gained 13).
There is a stone staircase leading down here.
g - a scroll of remove curse A ball python comes into view.
The ball python bites you but does no damage.
You block the ball python's attack.
Your shield and scale mail prevent you from hitting the ball python.
You block the ball python's attack. The ball python grabs you.
The ball python constricts you.
You slash the ball python!
You kill the ball python!
No target in view!
k - a scroll labeled KAFYSI BUOL A kobold comes into view.
It is wielding a club.
The kobold shouts!
A hobgoblin comes into view. It is wielding a club.
The kobold throws a stone.
You block the stone.
You see here a stone.
The kobold throws a stone.
The stone hits you but does no damage.
You see here a stone.
The kobold closely misses you.
You hit the kobold. You block the kobold's attack.
You closely miss the kobold. You block the kobold's attack.
You hit the kobold but do no damage. The kobold hits you but does no damage.
You block the kobold's attack.
You closely miss the kobold. You block the kobold's attack.
A kobold is nearby!
You hit the kobold but do no damage. You block the kobold's attack.
You barely miss the kobold. The kobold hits you but does no damage.
You hit the kobold. The kobold hits you with a club.
You block the kobold's attack.
You take 1 damage, and have 23/24 hp.
Your shield prevents you from hitting the kobold.
The kobold hits you with a club.
Your shield prevents you from hitting the kobold.
The kobold barely misses you.
You closely miss the kobold. The kobold barely misses you.
The kobold barely misses you.
Your shield and scale mail prevent you from hitting the kobold.
The kobold hits you but does no damage.
You closely miss the kobold. The kobold hits you with a club.
You take 5 damage, and have 18/24 hp.
MASSIVE DAMAGE!!
Your shield and scale mail prevent you from hitting the kobold.
The kobold hits you but does no damage.
You hit the kobold.
You kill the kobold!
Your Shields skill increases to level 3!
No target in view!
Things that are here:
a club; 2 stones No target in view!
Done exploring.
There is a stone staircase leading down here.
You regained 2 hp, and now have 21/24 hp.
You climb downwards.
There is a stone staircase leading up here.
An adder comes into view.
The adder bites you.
You take 3 damage, and have 18/24 hp.
You closely miss the adder. The adder bites you.
You take 1 damage, and have 17/24 hp.
You miss the adder. You block the adder's attack. The adder bites you.
You are poisoned.
The adder poisons you!
You take 3 damage, and have 14/24 hp.
You hit the adder but do no damage.
You feel sick. The adder bites you but does no damage.
The adder barely misses you.
You take 1 damage, and have 13/24 hp.
You slash the adder!
You feel sick. The adder bites you but does no damage. The adder bites you.
You take 4 damage, and have 9/24 hp.
Your shield prevents you from hitting the adder.
You feel sick. The adder bites you.
* * * LOW HITPOINT WARNING * * *
You are lethally poisoned!
The adder poisons you! You block the adder's attack.
You take 2 damage, and have 7/24 hp.
You miss the adder.
* * * LOW HITPOINT WARNING * * *
You feel sick. The adder bites you but does no damage.
You slash the adder!
You kill the adder!
You have reached level 3!
Your experience leads to an increase in your attributes!
Increase (S)trength, (I)ntelligence, or (D)exterity?
You feel stronger.
* * * LOW HITPOINT WARNING * * *
You feel sick.
MP restored: 3 Drink which item? (? for menu, Esc to quit)
It was a potion of mutation.
You feel extremely strange.
Your body twists and deforms.
You feel stronger.

..... ...#
#..# #..# #..#
##.<#
##...#####...
#....@†......
#.......####.#
#.........#
+.........+
#$........#
##.......##
##.....##
##...##


There were no monsters in sight!

Vanquished Creatures
  An adder (D:2)
  An ooze (D:1)
  A ball python (D:1)
  5 bats (D:1)
  A giant cockroach (D:1)
  A hobgoblin (D:1)
  3 kobolds (D:1)
  A giant newt (D:1)
  4 goblins (D:1)
18 creatures vanquished.

Notes
Turn   | Place    | Note
--------------------------------------------------------------
     0 | D:1      | Raultor the Demonspawn Fighter began the quest for the Orb.
     0 | D:1      | Reached XP level 1. HP: 18/18 MP: 1/1
    89 | D:1      | Reached skill level 2 in Long Blades
    89 | D:1      | Gained mutation: You have a pair of small antennae on your head. [demonic ancestry]
    89 | D:1      | Reached XP level 2. HP: 20/24 MP: 2/2
   544 | D:1      | Reached skill level 3 in Shields
   585 | D:2      | Reached XP level 3. HP: 8/29 MP: 3/3
   585 | D:2      | HP: 7/29 [poisoned by an adder]
   586 | D:2      | Gained mutation: Armour fits poorly on your strangely shaped body. [potion of mutation]
   586 | D:2      | Gained mutation: Your muscles are strong. (Str +2) [potion of mutation]
   587 | D:2      | Quit the game

Vault maps used:
D:1:      minmay_arrival_solitary_statue
D:2:      first_bread, minmay_misc_feat_ornament

Action                   || total
-------------------------++-------
Melee: Long sword        ||    81
  Use: Scroll            ||     2
       Potion            ||     1

Vault maps used:
D:1:      minmay_arrival_solitary_statue
D:2:      first_bread, minmay_misc_feat_ornament

Table legend:
 A = Turns spent in this place as a percentage of turns spent in the entire game.
 B = Non-inter-level travel turns spent in this place as a percentage of non-inter-level travel turns spent in the entire game.
 C = Inter-level travel turns spent in this place as a percentage of turns spent in this place.
 D = Turns resting spent in this place as a percentage of non-inter-level travel turns spent in this place.
 E = Turns spent auto-exploring this place as a percentage of non-inter-level travel turns spent in this place.
 F = Non-inter-level travel turns spent in this place divided by the number of levels of this place that you've seen.
                   A       B       C       D       E      F
               +-------+-------+-------+-------+-------+----------------------
         Total | 100.0 | 100.0 |   0.5 |   0.0 |  14.9 |  97.0
       Dungeon | 100.0 | 100.0 |   0.5 |   0.0 |  14.9 |  97.0
               +-------+-------+-------+-------+-------+----------------------

Table legend:
 A = Kills in this place as a percentage of kills in entire the game.
 B = Kills by you in this place as a percentage of kills by you in the entire game.
 C = Kills by friends in this place as a percentage of kills by friends in the entire game.
 D = Other kills in this place as a percentage of other kills in the entire game.
 E = Experience gained in this place as a percentage of experience gained in the entire game.
 F = Experience gained in this place divided by the number of levels of this place that you have seen.
                   A       B       C       D       E      F
               +-------+-------+-------+-------+-------+----------------------
         Total | 100.0 | 100.0 |  -nan |  -nan | 100.0 |  25.5
       Dungeon | 100.0 | 100.0 |  -nan |  -nan | 100.0 |  25.5
               +-------+-------+-------+-------+-------+----------------------
